 Dungeon Crawl Stone Soup version 0.26-a0-466-g989023bd0d (webtiles) character file.

Game seed: 17341010207392755817

72 Goblin1989 the Sneak (level 4, -2/35 HPs)
             Began as a Demonspawn Delver on Aug 6, 2020.
             Killed by nerve-wracking pain
             ... invoked by a shadow imp
             ... summoned by Natasha
              (5 damage)
             ... on level 3 of the Dungeon.
             The game lasted 00:05:02 (2037 turns).

Goblin1989 the Sneak (Demonspawn Delver)            Turns: 2037, Time: 00:05:02

Health: -2/35      AC:  7    Str: 13    XL:     4   Next: 6%
Magic:  4/4        EV: 10    Int: 11    God:
Gold:   115        SH:  4    Dex: 15    Spells: 3/3 levels left

rFire    . . .     SeeInvis .   a - +0 short sword
rCold    . . .     Faith    .   R - +0 buckler
rNeg     . . .     Spirit   .   Y - +0 ring mail
rPois    .         Reflect  .   X - +0 helmet
rElec    .         Harm     .   (no cloak)
rCorr    .                      T - +0 pair of gloves
MR       .....                  (no boots)
Stlth    ++........             (no amulet)
HPRegen  0.11/turn              (no ring)
MPRegen  0.09/turn              (no ring)

@: no status effects
A: claws 1, powered by death 1
a: no special abilities


You were on level 3 of the Dungeon.
You visited 1 branch of the dungeon, and saw 5 of its levels.

You collected 115 gold pieces.

Inventory:

Hand Weapons
 a - a +0 short sword (weapon)
 S - a +0 hunting sling
Missiles
 I - 26 poisoned darts
 K - 21 sling bullets
 Q - 137 stones (quivered) {@Q3}
Armour
 H - a scarf of resistance
 J - a +0 tower shield
 R - a +0 buckler (worn)
 T - a +0 pair of gloves (worn)
 X - a +0 helmet (worn)
 Y - a +0 ring mail (worn)
Wands
 g - a wand of digging (3) {@v1}
Scrolls
 c - a scroll of fog
 M - 2 scrolls of magic mapping
 O - a scroll of noise {unknown}
 P - 3 scrolls of remove curse {unknown}
 W - 5 scrolls of identify {unknown}
 Z - a scroll of teleportation {unknown}
Potions
 f - a potion of haste {@q3,}
 L - a potion of magic {unknown}
 N - 2 potions of mutation {unknown}
 U - a potion of berserk rage {unknown}
 V - a potion of invisibility {unknown}


   Skills:
 + Level 3.4 Fighting
 * Level 2.8 Short Blades
 + Level 2.3 Dodging
 + Level 4.7 Stealth
 + Level 0.7 Shields


You had 3 spell levels left.
You didn't know any spells.
Your spell library was empty.

Dungeon Overview and Level Annotations

Branches:
Dungeon (5/15)
 Temple: D:4-7

Altars:

Annotations:
D:3 Natasha
D:5 Dowan


Innate Abilities, Weirdness & Mutations

You have sharp fingernails.
You regenerate a little health from kills.


Message History

You kill the adder!
You block the bat's attack. The ooze barely misses you.
You hit the ooze.
The ooze is lightly wounded.
The bat hits you but does no damage. You block the ooze's attack.
You hit the ooze.
The ooze is lightly wounded.
The bat misses you. The ooze closely misses you.
You hit the ooze.
The ooze is moderately wounded.
The bat barely misses you. The ooze hits you but does no damage.
You hit the ooze.
The ooze is heavily wounded.
The bat misses you. The ooze hits you.
You take 1 damage, and have 24/29 hp.
You hit the ooze but do no damage.
The ooze is heavily wounded.
The bat closely misses you. The ooze closely misses you.
Your ring mail prevents you from hitting the ooze.
The ooze is heavily wounded.
The bat hits you but does no damage. The ooze hits you.
You take 1 damage, and have 23/29 hp.
You completely miss the ooze.
The ooze is heavily wounded.
The bat barely misses you. You block the bat's attack.
You block the ooze's attack.
You hit the ooze but do no damage.
The ooze is heavily wounded.
The bat barely misses you. The bat hits you but does no damage.
The ooze barely misses you.
You hit the ooze.
The ooze is almost dead.
The ooze hits you. The bat hits you but does no damage.
You take 3 damage, and have 20/29 hp.
You hit the ooze.
You kill the ooze!
You have reached level 4!
You feel stronger.
Your demonic ancestry asserts itself...
Your fingernails lengthen.
The bat hits you but does no damage.
You regained 5 hp, and now have 25/35 hp.
MP restored: 4 You barely miss the bat.
The bat hits you but does no damage. The bat hits you but does no damage.
Found a robe.
An orc and Natasha come into view.
The bat hits you but does no damage. The bat misses you. The bat misses you.
The bat misses you. The bat hits you but does no damage.
The bat hits you but does no damage. The bat hits you but does no damage.
The bat barely misses you. Natasha barely misses you.
The bat hits you but does no damage.
Natasha mumbles some strange words.
You barely miss Natasha. The bat closely misses you. Natasha claws you.
The shadow imp gestures at you. Pain shoots through your body!
You take 10 damage, and have 19/35 hp.
MASSIVE DAMAGE!!
You hit Natasha.
Natasha is moderately wounded.
The bat barely misses you. Natasha misses you.
The shadow imp hits you but does no damage.
You miss Natasha.
Natasha is moderately wounded.
The bat hits you but does no damage. Natasha barely misses you.
The shadow imp hits you but does no damage.
The bat hits you but does no damage. Natasha barely misses you.
The shadow imp hits you.
You take 1 damage, and have 19/35 hp.
You barely miss Natasha.
Natasha is moderately wounded.
You block the bat's attack. The bat hits you but does no damage.
Natasha claws you.
The shadow imp hits you but does no damage.
You take 3 damage, and have 16/35 hp.
You hit Natasha.
Natasha is severely wounded.
The bat hits you but does no damage. Natasha barely misses you.
The shadow imp spits at you. The shadow imp hits you.
* * * LOW HITPOINT WARNING * * *
You take 3 damage, and have 13/35 hp.
You hit Natasha.
Natasha is severely wounded.
The bat hits you but does no damage. Natasha claws you.
* * * LOW HITPOINT WARNING * * *
You take 4 damage, and have 9/35 hp.
You closely miss Natasha.
Natasha is severely wounded.
The bat hits you but does no damage. You block the shadow imp's attack.
Natasha claws you.
* * * LOW HITPOINT WARNING * * *
You take 6 damage, and have 3/35 hp.
As you read the scroll of fear, it crumbles to dust.
You assume a fearsome visage.
Natasha looks frightened!
The bat looks frightened!
The shadow imp is unaffected.
The shadow imp gestures at you. Pain shoots through your body!
You die... █████

█......█ █...█
████......█ █.█†█
.$.......█
████.█.██
........▲
........>███
███......█
██████......
█........ █.████.
███.....5███████
█.█ █.
..?......@.....█
█.████.
.....)..h█████.██
█...... .........█
█..█ █..████
o....b...█ ██.█
█..█...
.[......███████.██
█..█.█.
.................█
█......
........██████.█.█
█.██.██ ........█
████.█.█ █.██.██
█....█..██.██.█<


You could see Natasha (fleeing), a shadow imp (summoned) and a bat (fleeing).

Vanquished Creatures
  2 adders
  An ooze (D:3)
  2 worms (D:2)
  2 dart slugs
  5 bats
  A giant cockroach (D:1)
  4 goblins
  5 hobgoblins
  2 quokkas (D:2)
  2 ball pythons (D:3)
  4 frilled lizards
  6 kobolds
  6 rats
42 creatures vanquished.

Notes
Turn   | Place    | Note
-------+----------+-------------------------------------------
     0 | D:5      | Goblin1989 the Demonspawn Delver began the quest for the
                  | Orb.
     0 | D:5      | Reached XP level 1. HP: 18/18 MP: 1/1
    21 | D:5      | Noticed an ice beast
    36 | D:5      | Noticed Dowan
   191 | D:2      | Gained mutation: You regenerate a little health from kills.
                  | [demonic ancestry]
   191 | D:2      | Reached XP level 2. HP: 8/24 MP: 2/2
   673 | D:1      | Reached XP level 3. HP: 28/29 MP: 3/3
  1532 | D:2      | Found a faded altar of an unknown god.
  2018 | D:3      | Gained mutation: You have sharp fingernails. [demonic
                  | ancestry]
  2018 | D:3      | Reached XP level 4. HP: 24/35 MP: 4/4
  2021 | D:3      | Noticed Natasha
  2037 | D:3      | Killed from afar by a shadow imp

Illustrated notes

Levels and vault maps discovered:
D:1:      dpeg_arrival_round_b, layout_basic, minmay_pentomino_s4
D:2:      layout_loops_ring, chequers_ecumenical_altar_island
D:3:      minmay_roachtagon, layout_basic, uniq_natasha, uniq_robin
D:4:      layout_basic, ebering_ghost_disaster_area
D:5:      layout_loops_cross, kennysheep_mini, uniq_duvessa, uniq_pikel

Skill      XL: |  1 |
---------------+----+-----
Short Blades   | 2 |  2.8
Dodging        | 2 |  2.3
Fighting       | |  3.4
Stealth        | |  4.7
Shields        | |  0.7

Action                   |  1- 3 |  4- 6 || total
-------------------------+-------+-------++-------
Melee: Short sword       |   162 |     8 ||   170
  Use: Potion            |     1 |       ||     1
       Scroll            |       |     1 ||     1
 Stab: Sleeping          |     9 |       ||     9
       Distracted        |     1 |       ||     1
Armor: Leather armour    |    10 |       ||    10
       Ring mail         |    51 |    17 ||    68
Dodge: Dodged            |    93 |    11 ||   104
Block: Buckler           |    20 |     2 ||    22

Table legend: (Time is in decaauts)
 A = Elapsed time spent in this place.
 B = Non-inter-level travel time spent in this place.
 C = Inter-level travel time spent in this place.
 D = Time resting spent in this place.
 E = Time spent auto-exploring this place.
 F = Levels seen in this place.
 G = Mean time per level.
                   A        B        C        D        E       F      G
               +--------+--------+--------+--------+--------+-----+--------+
         Total |   2038 |   1918 |    120 |    241 |   1198 |   5 |  407.6 |
       Dungeon |   2038 |   1918 |    120 |    241 |   1198 |   5 |  407.6 |
               +--------+--------+--------+--------+--------+-----+--------+

Top non-repeatable levels by time:
     D:2: 1147 daAuts
     D:1: 620 daAuts
     D:3: 211 daAuts
     D:5: 50 daAuts
     D:4: 8 daAuts
